 Dungeon Crawl Stone Soup version 0.18-a0-1405-g73f4075 (webtiles) character file.

26 Tomstefer the Magician (level 3, 0/19 HPs)
             Began as a Tengu Wizard on Feb 24, 2016.
             Slain by a goblin
             ... wielding a +1 dagger of speed
             ... led by Robin
              (4 damage)
             ... on level 2 of the Dungeon.
             The game lasted 00:03:36 (828 turns).

Tomstefer the Magician (Tengu Wizard)                Turns: 828, Time: 00:03:37

Health: 0/19       AC:  3    Str:  7    XL:     3   Next: 8%
Magic:  4/8        EV: 12    Int: 19    God:
Gold:   79         SH:  0    Dex: 12    Spells: 2 memorised, 4 levels left

rFire  . . .     SeeInvis .     o - +0 trident
rCold  . . .     Gourm    .     n - +0 leather armour
rNeg   . . .     Faith    .     (no shield)
rPois  .         Spirit   .     b - +0 hat
rElec  .         Dismiss  .     (no cloak)
rCorr  .         Reflect  .     (no gloves)
SustAt .         Harm     .     (boots unavailable)
MR     .....                    (no amulet)
Stlth  ++........               (no ring)
                                (no ring)

@: not resistant to hostile enchantments, unstealthy
A: beak, talons 3
a: no special abilities


You were on level 2 of the Dungeon.
You were not hungry.

You visited 1 branch of the dungeon, and saw 2 of its levels.

You collected 79 gold pieces.

Inventory:

Hand Weapons
 i - a +0 dagger
 o - a +0 trident (weapon)
Armour
 a - a +0 robe
 b - a +0 hat (worn)
 n - a +0 leather armour (worn)
Scrolls
 e - a scroll of remove curse {unknown}
 f - a scroll of fog {unknown}
 j - 2 scrolls of teleportation {unknown}
 k - 4 scrolls of identify {unknown}
 m - a scroll of noise {unknown}
Potions
 g - 2 potions of degeneration {unknown}
 l - a potion of flight {unknown}
Books
 c - a book of Minor Magic

   Spells                             Type                      Level
   a - Magic Dart                     Conjuration                  1
   b - Blink                          Translocation                2
   c - Call Imp                       Summoning                    2
   d - Repel Missiles                 Charms/Air                   2
   e - Slow                           Hexes                        2
   f - Conjure Flame                  Conjuration/Fire             3
   g - Mephitic Cloud                 Conjuration/Poison/Air       3
Comestibles
 d - a bread ration
 h - a chunk of flesh


   Skills:
 - Level 3.0 Dodging
 - Level 2.0 Stealth
 - Level 3.0 Spellcasting
 + Level 2.9 Conjurations
   Level 1.2 Summonings
   Level 0.7 Translocations
 + Level 0.2 Poison Magic


You had 4 spell levels left.
You knew the following spells:

 Your Spells              Type           Power        Failure   Level  Hunger
a - Magic Dart            Conj           ##..         10%         1    None
b - Mephitic Cloud        Conj/Pois/Air  #.......     52%         3    ###....


Dungeon Overview and Level Annotations

Branches:
Dungeon (2/15)

Altars:

Annotations:
D:2 Robin


Innate Abilities, Weirdness & Mutations

You have a beak for a mouth.
You have claws for feet.


Message History

The goblin hits you.
Casting: Magic Dart
Confirm with . or Enter, or press ? or * to list all spells.
Aiming: Magic Dart
Press: ? - help, Shift-Dir - straight line, f/p - goblin
Aim: a goblin (moderately wounded, consumed by blood-lust)
The magic dart hits the goblin.
The goblin is heavily wounded.
The goblin misses you.
A goblin comes into view. It is wielding a dagger of speed.
The goblin closely misses you.
Robin says, "We wiped out the hill dwarves - you're next!"
Robin throws the goblin at you!
* * * LOW HITPOINT WARNING * * *
The goblin hits you but does no damage.
You completely miss the goblin. The goblin misses you.
Robin throws the goblin at you!
* * * LOW HITPOINT WARNING * * *
The goblin hits you with a dagger of speed.
You die...

##### ###########....
..........+....
##############....###....
........÷...........+....
#.#####g##########.##....
#.@.# #.######
.#####g#g#### #.......
........g.(.############
....##≈≈..g........ ..#
#≈≈##≈.(g.<.... .
≈≈≈≈#≈≈#.....g...
#≈≈≈≈≈≈##..#.....
#≈≈#≈≈≈# ≈......g.
#≈≈≈≈≈≈ #..####..


You could see Robin and 5 goblins.

Vanquished Creatures
  An ooze (D:1)
  A dart slug (D:2)
  2 giant cockroaches
  3 goblins
  3 hobgoblins
  5 bats
  A giant newt (D:1)
  2 kobolds (D:1)
  2 rats
20 creatures vanquished.

Vanquished Creatures (others)
  5 toadstools (D:1)
5 creatures vanquished.

Grand Total: 25 creatures vanquished

Notes
Turn   | Place    | Note
--------------------------------------------------------------
     0 | D:1      | Tomstefer the Tengu Wizard began the quest for the Orb.
     0 | D:1      | Reached XP level 1. HP: 10/10 MP: 5/5
   186 | D:1      | Reached XP level 2. HP: 13/15 MP: 4/7
   645 | D:2      | Reached XP level 3. HP: 19/19 MP: 0/8
   650 | D:2      | Learned a level 3 spell: Mephitic Cloud
   818 | D:2      | Noticed Robin
   828 | D:2      | Slain by a goblin

Vault maps used:
D:1:      ldierk_walled_garden
D:2:      minivault_4, minmay_rat_hole, uniq_iyjb, uniq_robin

Skill      XL: |  1  2 |
---------------+-------+-----
Conjurations   | 2 |  2.9
Dodging        | 3 |  3.0
Stealth        | |  2.0
Spellcasting   | |  3.0
Summonings     | |  1.2
Translocations | |  0.7
Poison Magic   | |  0.2

Action                   || total
-------------------------++-------
Melee: Unarmed           ||    10
       Trident           ||     9
       Dagger            ||     4
 Cast: Magic Dart        ||    42
